 Dungeon Crawl Stone Soup version 0.26-a0-606-g3c8f2f65f7 (webtiles) character file.

Game seed: 12925479248012760951

1507 ANON1729 the Shield-Bearer (level 9, -3/71 HPs)
             Began as a Formicid Fighter on Sept 1, 2020.
             Was an Initiate of Qazlal.
             Blown up by a gnoll (17 damage)
             ... with a disintegration bolt
             ... on level 4 of the Dungeon.
             The game lasted 00:06:26 (4681 turns).

ANON1729 the Shield-Bearer (Formicid Fighter)       Turns: 4681, Time: 00:06:26

Health: -3/71      AC:  7    Str: 31    XL:     9   Next: 9%
Magic:  9/9        EV:  9    Int:  7    God:    Qazlal [......]
Gold:   329        SH: 17    Dex: 10    Spells: 8/8 levels left

rFire    . . .     SeeInvis +   a - +0 war axe
rCold    . . .     Faith    .   c - +0 kite shield
rNeg     . . .     Spirit   .   b - +0 scale mail
rPois    .         Reflect  +   (helmet unavailable)
rElec    .         Harm     .   F - scarf {repulsion}
rCorr    .                      (no gloves)
MR       .....                  (no boots)
Stlth    ..........             f - amulet of reflection
HPRegen  0.21/turn              u - +6 ring of strength
MPRegen  0.11/turn              D - ring of flight

@: mighty, repel missiles
A: permanent stasis, dig shafts and tunnels, four strong arms, antennae 3
a: Dig, Shaft Self, Renounce Religion, Evoke Flight


You were on level 4 of the Dungeon.
You worshipped Qazlal.
Qazlal was noncommittal.
You visited 1 branch of the dungeon, and saw 6 of its levels.

You collected 329 gold pieces.

Inventory:

Hand Weapons
 a - a +0 war axe (weapon)
Missiles
 E - 6 silver javelins (quivered)
Armour
 b - a +0 scale mail (worn)
 c - a +0 kite shield (worn)
 F - a scarf of repulsion (worn)
Jewellery
 f - an amulet of reflection (around neck)
 g - an uncursed amulet of regeneration {unknown}
 u - a +6 ring of strength (left hand)
 D - a ring of flight (right hand)
Wands
 l - a wand of flame (39)
 w - a wand of enslavement (4)
 y - a wand of paralysis (3)
Scrolls
 e - 2 scrolls of random uselessness {unknown}
 h - 6 scrolls of remove curse {unknown}
 i - 6 scrolls of identify {unknown}
 j - 4 scrolls of teleportation {unknown}
 m - 2 scrolls of magic mapping {unknown}
 n - a scroll of fear {unknown}
 r - a scroll of fog {unknown}
 v - a scroll of blinking {unknown}
 A - a scroll of noise {unknown}
 C - a scroll of acquirement {unknown}
Potions
 d - 2 potions of might
 k - 2 potions of ambrosia {unknown}
 o - a potion of resistance {unknown}
 p - 2 potions of curing
 q - 2 potions of brilliance {unknown}
 s - 2 potions of heal wounds {unknown}
 t - 2 potions of stabbing {unknown}
 x - 2 potions of cancellation {unknown}
 z - a potion of haste {unknown}
 B - 2 potions of degeneration {unknown}


   Skills:
 + Level 6.6 Fighting
 + Level 5.6 Axes
 + Level 6.7 Armour
 + Level 7.4 Shields


You had 8 spell levels left.
You didn't know any spells.
Your spell library was empty.

Dungeon Overview and Level Annotations

Branches:
Dungeon (6/15)
 Temple: D:4-7

Altars:
Cheibriados
Fedhas
Okawaru
Qazlal
Yredelemnul

Annotations:
D:4 1 transporter, Zigma's ghost, amateur DrTm
D:6 Menkaure


Innate Abilities, Weirdness & Mutations

You cannot be hasted, slowed, berserked, paralysed or teleported.
You can dig through walls and to a lower floor.
Your four strong arms can wield two-handed weapons with a shield.
You have a pair of large antennae on your head. (SInv)


Message History

You kill the gnoll!
Qazlal accepts your kill.
You barely miss Zigma's ghost.
You feel sick.
The gnoll sergeant hits you from afar with a +0 spear of venom.
You are more poisoned.
You block the gnoll's attack. Zigma's ghost hits you!
The gnoll zaps a wand.
You are blasted!
* * * LOW HITPOINT WARNING * * *
The gnoll sergeant hits you from afar with a +0 spear of venom!
* * * LOW HITPOINT WARNING * * *
You are more poisoned.
It was a potion of curing.
You feel better. You block the gnoll's attack. Zigma's ghost barely misses you.
The gnoll hits you from afar with a +0 spear.
* * * LOW HITPOINT WARNING * * *
You block the gnoll sergeant's attack.
Your scale mail prevents you from hitting Zigma's ghost.
The gnoll hits you but does no damage. You block Zigma's ghost's attack.
The gnoll zaps a wand.
You are blasted!
You die...

##....##...≈≈#..#8###8#..#≈≈.....
.#.....#...≈≈##.###.###.##≈≈.....
.#.....#...≈≈#...........#≈≈.....
.#..().#...≈≈###.##'##.###≈≈.....
###...##...≈≈..#g#...#.#..≈≈.....
###...##...≈≈.##g#...#.##.≈≈.....
...........≈≈.#..#.:.#.©#.≈≈.....
......##...≈≈.##W#####.##.≈≈.....
......####.≈≈..#@#8(8#.#.........
.......###.≈≈.©#.)gg.'.#©........
...........≈≈..#g#g..#.#.....###+
#########..≈≈.##.##.##.##.≈≈.....
.# #..≈≈.#..#...#..#.≈≈..... .#
#..≈≈.##.#⌠.⌠#.##.≈≈..... .#
#..≈≈..#.#g..#.#..≈≈..... .#
#..≈≈###.##g##.###≈≈..... ##
#..≈≈#g..........#≈≈.....


You could see a gnoll sergeant, Zigma's ghost and 5 gnolls.

Vanquished Creatures
  Pikel (D:4)
  Grinder (D:4)
  Sigmund (D:2)
  A sky beast (D:5)
  An ogre (D:4)
  A water moccasin skeleton (D:4)
  2 hounds
  An orc priest (D:4)
  A bullfrog skeleton (D:4)
  A centaur skeleton (D:4)
  Ijyb (D:4)
  2 worker ants
  Robin (D:2)
  4 adders
  5 gnolls
  A shadow imp (D:5)
  4 worms
  3 dart slugs (D:1)
  2 leopard geckos
  14 orcs
  8 bats
  7 giant cockroaches
  21 goblins
  6 hobgoblins
  10 jackals
  8 kobolds
  2 ball pythons (D:2)
  7 frilled lizards
  A leopard gecko skeleton (D:4)
  A quokka skeleton (D:5)
  10 rats
129 creatures vanquished.

Vanquished Creatures (collateral kills)
  A leopard gecko (D:4)
1 creature vanquished.

Vanquished Creatures (others)
  A gnoll (D:4)
  6 plants (D:4)
7 creatures vanquished.

Grand Total: 137 creatures vanquished

Notes
Turn   | Place    | Note
-------+----------+-------------------------------------------
     0 | D:1      | ANON1729 the Formicid Fighter began the quest for the Orb.
     0 | D:1      | Reached XP level 1. HP: 18/18 MP: 1/1
   177 | D:1      | Reached XP level 2. HP: 21/24 MP: 2/2
   311 | D:1      | Reached skill level 4 in Shields
   311 | D:1      | Reached XP level 3. HP: 29/29 MP: 3/3
   766 | D:2      | Noticed Sigmund
   776 | D:2      | Killed Sigmund
   776 | D:2      | Reached XP level 4. HP: 38/38 MP: 4/4
   776 | D:2      | Reached XP level 5. HP: 43/43 MP: 5/5
   776 | D:2      | Reached XP level 6. HP: 49/49 MP: 6/6
   831 | D:2      | Found a blossoming altar of Fedhas.
   834 | D:2      | Found a basalt altar of Yredelemnul.
   837 | D:2      | Found an iron altar of Okawaru.
   968 | D:2      | Noticed Robin
   973 | D:2      | Reached skill level 5 in Shields
   981 | D:2      | Killed Robin
  1764 | D:3      | Found a snail-covered altar of Cheibriados.
  2391 | D:3      | Reached XP level 7. HP: 50/55 MP: 7/7
  2400 | D:4      | Reached skill level 5 in Armour
  2532 | D:4      | Noticed Ijyb
  2536 | D:4      | Reached skill level 5 in Fighting
  2546 | D:4      | Killed Ijyb
  2706 | D:4      | Noticed Grinder
  2788 | D:4      | Killed Grinder
  2788 | D:4      | Reached skill level 6 in Shields
  2788 | D:4      | Reached XP level 8. HP: 63/63 MP: 8/8
  2907 | D:4      | Identified the +1 ring mail "Setzuk" {rPois MP+9 Int-2}
  2941 | D:4      | Found a transporter.
  2950 | D:4      | Found a transporter.
  2957 | D:4      | Noticed Zigma's ghost (amateur DrTm)
  3013 | D:4      | Noticed Pikel
  3041 | D:4      | Killed Pikel
  3041 | D:4      | Reached skill level 5 in Axes
  3041 | D:4      | Reached skill level 7 in Shields
  3477 | D:5      | Entered Level 5 of the Dungeon
  3598 | D:5      | Reached XP level 9. HP: 64/71 MP: 9/9
  4158 | D:5      | Found a stormy altar of Qazlal.
  4165 | D:5      | Became a worshipper of Qazlal Stormbringer
  4296 | D:6      | Noticed Menkaure
  4307 | D:6      | HP: 1/71 [wolf (7)]
  4681 | D:4      | Blown up by a gnoll

Illustrated notes

Levels and vault maps discovered:
D:1:      dpeg_arrival_simpleton_a, layout_basic, minmay_misc_feat_tower
D:2:      minmay_wonky_spiral, layout_basic, grunt_temple_overflow_diamond,
          minmay_diced_spiral, uniq_robin, uniq_sigmund
D:3:      layout_basic, lemuel_doored_altar, cheibrodos_sewer_entry_bend,
          minmay_joined_circles
D:4:      layout_gridville, gammafunk_ghost_gnarly_gnolls, uniq_pikel,
          uniq_ijyb, uniq_grinder
D:5:      layout_cave_pods, nicolae_qazlal_eye_of_the_storm
D:6:      layout_cave_pools, minmay_temple_entry_fiery, serial_gnoll_camp,
          gnoll_camp_mini_basic, gnoll_camp_mini_hut, gnoll_camp_mini_loothouse,
          gnoll_camp_medium_02, sigmund_army, uniq_eustachio, uniq_menkaure

Skill      XL: |  1  2  3  4  5  6  7  8 |
---------------+-------------------------+-----
Shields        | 4 5 6 7 |  7.4
Fighting       | 4 5 6 |  6.6
Axes           | 3 4 5 |  5.6
Armour         | 4 5 6 |  6.7

Action                   |  1- 3 |  4- 6 |  7- 9 || total
-------------------------+-------+-------+-------++-------
Melee: War axe           |   108 |   143 |   124 ||   375
 Abil: Dig               |       |       |     1 ||     1
Evoke: Wand              |       |       |     6 ||     6
  Use: Potion            |       |       |     2 ||     2
Armor: Scale mail        |    36 |    42 |    29 ||   107
Dodge: Dodged            |    34 |    33 |    41 ||   108
Block: Kite shield       |   112 |   126 |   132 ||   370
       Reflection        |     3 |     3 |       ||     6

Table legend: (Time is in decaauts)
 A = Elapsed time spent in this place.
 B = Non-inter-level travel time spent in this place.
 C = Inter-level travel time spent in this place.
 D = Time resting spent in this place.
 E = Time spent auto-exploring this place.
 F = Levels seen in this place.
 G = Mean time per level.
                   A        B        C        D        E       F      G
               +--------+--------+--------+--------+--------+-----+--------+
         Total |   4826 |   4550 |    276 |    887 |   2677 |   6 |  804.3 |
       Dungeon |   4826 |   4550 |    276 |    887 |   2677 |   6 |  804.3 |
               +--------+--------+--------+--------+--------+-----+--------+

Top non-repeatable levels by time:
     D:4: 1390 daAuts
     D:3: 1075 daAuts
     D:5: 829 daAuts
     D:1: 811 daAuts
     D:2: 681 daAuts
     D:6: 38 daAuts
